cohdb
Replays
Latest Replays
All Replays
Popular Replays
Top Player Replays
Match Explorer
How It Works
Community
CoH3 Stats
Reddit
Sign in to upload your games and track your stats! →
Sign in with Steam
Match 41006196
Unlisted
Match 41006196
Overview
Messages
Build Orders
End
Kettenkrad Recon Vehicle
Selects Italian Coastal Battlegroup
Selects Coastal Reserves
Coastal Reserve
Coastal Reserve
Coastal Reserve
Construct Infanterie Kompanie
MG 42 Bunker
Construct Panzergrenadier Kompanie
251 Medium Carrier
Support Elements
Coastal Reserve
Nebelwerfer 42 Rocket Launcher Team
Selects Artillery Officer
Medical Bunker
Pak 40 Anti-tank Gun Team
Artillery Officer
Selects Support Bunkers
Nebelwerfer 42 Rocket Launcher Team
Kettenkrad Recon Vehicle
Pak 40 Anti-tank Gun Team
Selects Designated Artillery Overwatch
Selects Bulwark
Construct Panzer Kompanie
iceman
RikZon
Azazil
simaogui
GWOCHAT
Kowalski
Thicc Bunn
BIGFAN
0
0
Comments
sign in to comment!
No comments posted yet!